 Dungeon Crawl Stone Soup version 0.20-a0-148-gb6cfb21 (webtiles) character file.

77 mopl the Vexing (level 4, 0/18 HPs)
             Began as a Felid Enchanter on Nov 21, 2016.
             Slain by a rat (1 damage)
             ... in a sewer.
             The game lasted 00:07:14 (2766 turns).

mopl the Vexing (Felid Enchanter)                   Turns: 2766, Time: 00:07:14

Health: 0/18       AC:  1    Str:  3 (4)  XL:     4   Next: 13%
Magic:  0/8        EV: 18    Int: 15 (16) God:
Gold:   143        SH:  0    Dex: 16 (17) Spells: 2/8 levels left
                                        Lives:  0   Deaths: 1

rFire  . . .     SeeInvis +       - Unarmed
rCold  . . .     Gourm    .     (armour unavailable)
rNeg   . . .     Faith    .     (shield unavailable)
rPois  .         Spirit   +     (helmet unavailable)
rElec  .         Reflect  .     (cloak unavailable)
rCorr  .         Harm     .     (gloves unavailable)
MR     .....                    (boots unavailable)
Stlth  ++++......               d - amulet of guardian spirit
                                (no ring)
                                (no ring)

@: quick
A: no armour, no weapons or thrown items, stealth, claws 1, fangs 3, see
invisible, carnivore 3, speed 1, shaggy fur 1, slow metabolism 1, sharp paws
a: no special abilities


You were in a sewer.
You were not hungry.

You visited 1 branch of the dungeon, and saw 3 of its levels.
You also visited: Sewer.

You collected 143 gold pieces.

Inventory:

Jewellery
 d - an amulet of guardian spirit (around neck)
Scrolls
 c - 2 scrolls of enchant armour {unknown}
 e - 2 scrolls of identify {unknown}
 j - a scroll of remove curse {unknown}
 l - a scroll of random uselessness {unknown}
Potions
 f - a potion of curing
 i - 2 potions of haste
Books
 a - a book of Maledictions

   Spells                             Type                      Level
   a - Corona                         Hexes                        1
   b - Ensorcelled Hibernation        Hexes/Ice                    2
   c - Confuse                        Hexes                        3
   d - Tukima's Dance                 Hexes                        3
   e - Dazzling Spray                 Conjuration/Hexes            3
Comestibles
 b - a meat ration
 g - a beef jerky
 h - 2 slices of pizza
 m - a chunk of flesh


   Skills:
 - Level 2.6 Dodging
 * Level 5.5 Stealth
 + Level 2.0 Unarmed Combat
 + Level 2.6 Spellcasting
 * Level 5.6 Hexes
 + Level 1.0 Ice Magic


You had 2 spell levels left.
You knew the following spells:

 Your Spells              Type           Power        Failure   Level  Hunger
a - Corona                Hex            ###....      1%          1    #......
b - Ensorcelled Hibernat  Hex/Ice        ##....       10%         2    ###....
c - Confuse               Hex            ###.....     10%         3    ###....


Dungeon Overview and Level Annotations

Branches:
Dungeon (3/15)

Altars:
Dithmenos
Yredelemnul


Innate Abilities, Weirdness & Mutations

You cannot wear armour.
You are incapable of wielding weapons or throwing items.
Your paws allow you to move quietly. (Stealth)
You have sharp claws.
You have razor-sharp teeth.
You have supernaturally acute eyesight. (SInv)
You are carnivorous and can eat meat at any time.
You cover ground quickly.
You are covered in fur. (AC +1)
You have a slow metabolism.
Your sharp claws are effective at attacking unaware monsters.


Message History

The river rat misses you. The rat closely misses you.
You scratch the river rat.
The river rat is moderately wounded.
The river rat barely misses you. The rat bites you.
* * * LOW HITPOINT WARNING * * *
It was a potion of curing.
You feel better. The river rat barely misses you. The rat closely misses you.
It was a potion of degeneration.
There was something very wrong with that liquid.
You feel weakened.
You feel dopey.
You feel clumsy. The river rat closely misses you.
The rat completely misses you.
You scratch the river rat but do no damage.
The river rat is moderately wounded.
The river rat misses you. The rat completely misses you.
You scratch the river rat.
The river rat is heavily wounded.
The river rat bites you!
* * * LOW HITPOINT WARNING * * *
The rat bites you.
You die...

###
#.#
#.#
#.#
#.#
#∩#
#r#
#r#
#@#
#r#
#r#
#r#
#.#
#.#
#≈#
#≈#


You could see 2 river rats and 3 rats.

Vanquished Creatures
  A hound (D:3)
  3 adders
  6 worms
  2 dart slugs (D:1)
  4 leopard geckos
  2 orcs (D:3)
  5 bats
  4 giant cockroaches
  2 gnoll zombies (D:2)
  4 goblins
  2 hobgoblins
  4 kobolds
  3 quokkas (D:2)
  A ball python (D:3)
  6 frilled lizards
  5 rats
54 creatures vanquished.

Notes
Turn   | Place    | Note
-------+----------+-------------------------------------------
     0 | D:1      | mopl the Felid Enchanter began the quest for the Orb.
     0 | D:1      | Reached XP level 1. HP: 7/7 MP: 4/4
   289 | D:1      | Reached XP level 2. HP: 8/11 MP: 6/6
   308 | D:1      | Learned a level 2 spell: Ensorcelled Hibernation
   900 | D:2      | Reached skill level 5 in Hexes
   978 | D:2      | Found a shadowy altar of Dithmenos.
  1018 | D:2      | Reached XP level 3. HP: 11/14 MP: 2/7
  1847 | D:2      | Found a basalt altar of Yredelemnul.
  1865 | D:2      | Learned a level 3 spell: Confuse
  2160 | D:3      | Reached skill level 5 in Stealth
  2160 | D:3      | Reached XP level 4. HP: 3/18 MP: 3/8
  2585 | D:3      | Slain by an adder
  2586 | D:3      | Reached XP level 3. HP: -2/14 MP: 0/7
  2648 | D:3      | Reached skill level 1 in Ice Magic
  2721 | D:3      | Reached skill level 2 in Unarmed Combat
  2721 | D:3      | Reached XP level 4. HP: 8/18 MP: 0/8
  2747 | D:3      | Found a glowing drain.
  2751 | Sewer    | Entered a sewer
  2766 | Sewer    | Slain by a rat

Vault maps used:
D:1:      ncdulo_lavacross
D:2:      lemuel_zombie_altar_yredelemnul, nicolae_dithmenos_shadow_blocks
D:3:      gup_sewer_entry_spiral, st_stairs_4, solitary_fountain, uniq_terence
Sewer:    sewer_kobolds

Skill      XL: |  1  2  3 |
---------------+----------+-----
Hexes          | 5 |  5.6
Stealth        | 5 |  5.5
Ice Magic      | 1 |  1.0
Unarmed Combat | 2 |  2.0
Dodging        | |  2.6
Spellcasting   | |  2.6

Action                   |  1- 3 |  4- 6 || total
-------------------------+-------+-------++-------
Melee: Unarmed           |   132 |    54 ||   186
       Bite              |    16 |     3 ||    19
 Cast: Corona            |     4 |       ||     4
       Ensorcelled Hiber |    19 |    17 ||    36
       Confuse           |     1 |       ||     1
  Use: Potion            |       |     3 ||     3
 Stab: Sleeping          |    16 |    10 ||    26
       Confused          |     1 |       ||     1
  Eat: Chunk             |     9 |     3 ||    12
Armor: Skin              |     5 |     3 ||     8
Dodge: Dodged            |   137 |    68 ||   205
